 Dungeon Crawl Stone Soup version 0.27-a0-1154-gfdeffcb720 (webtiles) character file.

Game seed: 10304620045123434938

49 maxwell1 the Chopper (level 3, 0/31 HPs)
             Began as a Minotaur Berserker on May 15, 2021.
             Was a Believer of Trog.
             Slain by a hobgoblin (2 damage)
             ... on level 2 of the Dungeon.
             The game lasted 00:03:38 (1653 turns).

maxwell1 the Chopper (Minotaur Berserker)           Turns: 1653, Time: 00:03:38

Health: 0/31       AC:  2    Str: 22    XL:     3   Next: 53%
Magic:  2/2        EV: 12    Int:  4    God:    Trog [**....]
Gold:   54         SH:  0    Dex:  9    Spells: 2/2 levels left

rFire    . . .     SeeInvis .   a - +0 hand axe
rCold    . . .     Faith    .   (no shield)
rNeg     . . .     Spirit   .   b - +0 animal skin
rPois    .         Reflect  .   (helmet restricted)
rElec    .         Harm     .   (no cloak)
rCorr    .         Rampage  .   (no gloves)
Will     .....                  (no boots)
Stlth    +.........             (no amulet)
HPRegen  0.10/turn              (no ring)
MPRegen  0.08/turn              (no ring)

@: no status effects
A: horns 2, retaliatory headbutt
a: Renounce Religion, Berserk, Trog's Hand


You were on level 2 of the Dungeon.
You worshipped Trog.
Trog was pleased with you.
You visited 1 branch of the dungeon, and saw 2 of its levels.

You collected 54 gold pieces.

Inventory:

Hand Weapons
 a - a +0 hand axe (weapon)
Armour
 b - a +0 animal skin (worn)


   Skills:
 - Level 3.6 Fighting
 + Level 5.0 Axes
 + Level 2.9 Armour
 + Level 2.6 Dodging


You had 2 spell levels left.
You didn't know any spells.
Your spell library was empty.

Dungeon Overview and Level Annotations

Branches:
Dungeon (2/15)

Altars:


Innate Abilities, Weirdness & Mutations

You have a pair of horns on your head.
You reflexively headbutt those who attack you in melee.


Message History

You kill the bat!
Trog accepts your kill. The jackal barely misses you.
The jackal closely misses you. The jackal completely misses you.
The hobgoblin hits you. The jackal closely misses you. You furiously retaliate!
You headbutt the jackal!
You kill the jackal!
Trog accepts your kill. The jackal bites you. The jackal barely misses you.
You furiously retaliate!
You headbutt the jackal, but do no damage.
The hobgoblin closely misses you. The hobgoblin closely misses you.
The hobgoblin closely misses you. The jackal closely misses you.
You furiously retaliate!
You headbutt the jackal!
You kill the jackal!
Trog accepts your kill. The hobgoblin hits you.
* * * LOW HITPOINT WARNING * * *
You see here a +0 plate armour.
You are too injured to fight recklessly!
You are too injured to fight recklessly!
You don't know any spells.
You can't go down here!
As you read the scroll labelled ACETOK KYILAN, it crumbles to dust.
It is a scroll of identify.
You don't have any unidentified items.
The hobgoblin hits you.
* * * LOW HITPOINT WARNING * * *
You are too injured to fight recklessly!
You are too injured to fight recklessly!
You are too injured to fight recklessly!
You hit the hobgoblin but do no damage. Your headbutt misses the hobgoblin.
You hit the hobgoblin but do no damage. x2; The hobgoblin barely misses you.
The hobgoblin hits you.
* * * LOW HITPOINT WARNING * * *
The hobgoblin hits you.
* * * LOW HITPOINT WARNING * * *
The hobgoblin hits you.
You die...

##...........##
##........)..........
#......?$......[.....
#...................#
#...................#
#....................
#...................
#..$.......g....##
##..........g@.#
##.....#...g.##
#############


You could see 3 hobgoblins.

Vanquished Creatures
  4 ball pythons (D:1)
  4 endoplasms (D:1)
  A giant cockroach (D:1)
  4 hobgoblins (D:1)
  10 jackals
  4 kobolds (D:1)
  2 quokkas (D:1)
  2 bats
  2 frilled lizards
  4 goblins (D:1)
  5 rats (D:1)
42 creatures vanquished.

Notes
Turn   | Place    | Note
-------+----------+-------------------------------------------
     0 | D:1      | maxwell1 the Minotaur Berserker began the quest for the
                  | Orb.
     0 | D:1      | Reached XP level 1. HP: 19/19 MP: 0/0
   227 | D:1      | Reached skill level 4 in Axes
   231 | D:1      | Reached XP level 2. HP: 19/26 MP: 1/1
   758 | D:1      | Reached XP level 3. HP: 24/31 MP: 2/2
   930 | D:1      | Reached ** piety under Trog
  1637 | D:2      | Reached skill level 5 in Axes
  1652 | D:2      | HP: 1/31 [hobgoblin (3)]
  1653 | D:2      | Slain by a hobgoblin

Illustrated notes

Levels and vault maps discovered:
D:1:      erik_arrival_cave_to_civilisation [erik_arrival_cave_to_hall],
          layout_basic, roderic_roman_lattice
D:2:      layout_rooms, minmay_goblin_kobold_house

Skill      XL: |  1  2  3 |
---------------+----------+-----
Axes           | 4 5 |  5.0
Fighting       | |  3.6
Armour         | |  2.9
Dodging        | |  2.6

Action                   || total
-------------------------++-------
Melee: Hand axe          ||    54
       Headbutt          ||    10
  Use: Scroll            ||     1
Armor: Animal skin       ||     6
Dodge: Dodged            ||    55

Table legend: (Time is in decaauts)
 A = Elapsed time spent in this place.
 B = Non-inter-level travel time spent in this place.
 C = Inter-level travel time spent in this place.
 D = Time resting spent in this place.
 E = Time spent auto-exploring this place.
 F = Levels seen in this place.
 G = Mean time per level.
                   A        B        C        D        E       F      G
               +--------+--------+--------+--------+--------+-----+--------+
         Total |   1657 |   1549 |    108 |      0 |   1370 |   2 |  828.5 |
       Dungeon |   1657 |   1549 |    108 |      0 |   1370 |   2 |  828.5 |
               +--------+--------+--------+--------+--------+-----+--------+

Top non-repeatable levels by time:
     D:1: 1627 daAuts
     D:2: 30 daAuts
